 Dungeon Crawl Stone Soup version 0.26.1-11-gd32895ea62 (webtiles) character file.

Game seed: 7213592576638972940

3535 infcreate the Skirmisher (level 10, -5/120 HPs)
             Began as a Human Berserker on May 30, 2021.
             Was an Elder of Trog.
             Slain by a 12-headed hydra (7 damage)
             ... on level 7 of the Dungeon.
             The game lasted 00:36:18 (9473 turns).

infcreate the Skirmisher (Human Berserker)          Turns: 9473, Time: 00:36:18

Health: -5/120     AC: 21    Str: 21    XL:     10   Next: 29%
Magic:  10/10      EV: 13    Int:  8    God:    Trog [****..]
Gold:   485        SH:  0    Dex: 12    Spells: 9/9 levels left

rFire    . . .     SeeInvis +   B - +4 glaive
rCold    + . .     Faith    .   (shield currently unavailable)
rNeg     . . .     Spirit   .   x - +7 Kryia's mail coat {PotionHeal*2 rC+}
rPois    .         Reflect  .   s - +2 helmet
rElec    .         Harm     .   (no cloak)
rCorr    .         Rampage  .   p - +2 pair of gloves
Will     .....                  (no boots)
Stlth    ..........             (no amulet)
HPRegen  0.30/turn              v - ring of see invisible
MPRegen  0.12/turn              (no ring)

@: berserking, very quick
A: no striking features
a: Renounce Religion, Berserk, Trog's Hand, Brothers in Arms


You were on level 7 of the Dungeon.
You worshipped Trog.
Trog was greatly pleased with you.
You visited 1 branch of the dungeon, and saw 7 of its levels.

You collected 485 gold pieces.


   Skills:
 + Level 7.7 Fighting
 + Level 7.6 Long Blades
 + Level 7.3 Armour
 + Level 7.3 Dodging


You had 9 spell levels left.
You didn't know any spells.
Your spell library was empty.

Inventory:

Hand Weapons
 a - a +1 scimitar
 B - a +4 glaive (weapon)
Missiles
 w - 62 bolts
Armour
 f - the cursed +0 robe of Jophest {*Corrode MP+9 Str+4, unknown}
   (You found it on level 7 of the Dungeon)

   It affects your strength (+4).
   It affects your magic capacity (+9).
   It may corrode you when you take damage.
   It has a curse placed upon it.
 p - a +2 pair of gloves (worn)
 s - a +2 helmet (worn)
 x - the +7 Kryia's mail coat (worn) {PotionHeal*2 rC+}
   (You found it on level 5 of the Dungeon)

   It protects you from cold.
Jewellery
 j - an uncursed amulet of magic regeneration {unknown}
 v - a ring of see invisible (left hand)
Wands
 r - a wand of polymorph (15)
 u - a wand of paralysis (13)
 A - a wand of flame (14)
Scrolls
 b - 2 scrolls of magic mapping
 e - a scroll of remove curse {@r2}
 g - a scroll of fear {unknown}
 i - 2 scrolls of teleportation {@r4}
 k - 3 scrolls of fog
 l - 2 scrolls of immolation
 t - a scroll of enchant weapon {unknown}
 y - a scroll of identify {@r1}
 z - a scroll of brand weapon {unknown}
Potions
 c - a potion of haste {@q3}
 d - 2 potions of attraction
 h - 4 potions of heal wounds {@q2}
 m - a potion of curing {@q1}
 n - a potion of magic
 o - 2 potions of brilliance {unknown}
 q - a potion of invisibility

Dungeon Overview and Level Annotations

Branches:
Dungeon (7/15)             Temple (0/1) D:7

Altars:
Gozag
Nemelex Xobeh
Sif Muna

Shops:
D:3 * D:6

?
....###.#.....##.####.#.#.#.#....
##.####.#.....##.####.#.#.#.#....
..........................#.#....
..........................#.##...
##.######.###..#.####.#.#.#.##...
##.######## #..#.####+#.#.#.###..
.......# #[.#.#......#.### #.>
#############..#D#......#.# ###
####.......##..#@#......#.#######
.................................
####.##..........................
#......#.........#####.....######
#......#.........# #.....# #
#......#.........# #.....######
#......#.........# #...........
#......#.........# #.....######
#......#.........# ####### #


You could see a 12-headed hydra.


Message History

The ten-headed hydra bites you.
* * * LOW HITPOINT WARNING * * *
The ten-headed hydra bites you!
* * * LOW HITPOINT WARNING * * *
The ten-headed hydra completely misses you.
The ten-headed hydra bites you but does no damage. x2
The ten-headed hydra barely misses you.
The ten-headed hydra bites you but does no damage.
The ten-headed hydra bites you!
* * * LOW HITPOINT WARNING * * *
You slice one of the ten-headed hydra's heads off!
The nine-headed hydra grows two more!
You slash the 11-headed hydra!
The 11-headed hydra is almost dead.
The 11-headed hydra completely misses you.
The 11-headed hydra bites you but does no damage. x8
The 11-headed hydra bites you!
* * * LOW HITPOINT WARNING * * *
The 11-headed hydra closely misses you.
You lop one of the 11-headed hydra's heads off!
The ten-headed hydra grows two more!
You slice the 12-headed hydra!!
The 12-headed hydra is almost dead.
The 12-headed hydra bites you but does no damage.
The 12-headed hydra bites you.
* * * LOW HITPOINT WARNING * * *
The 12-headed hydra barely misses you.
The 12-headed hydra bites you but does no damage. x3
The 12-headed hydra closely misses you. The 12-headed hydra bites you!
* * * LOW HITPOINT WARNING * * *
The 12-headed hydra bites you!
You die...

Skill      XL: |  1  2  3  4  5  6  7  8  9 10 |
---------------+-------------------------------+-----
Armour         | 3 4 5 6 7 |  7.3
Dodging        | 3 4 5 6 7 |  7.3
Fighting       | 4 5 6 7 |  7.7
Long Blades    | 4 5 7 |  7.6

Action                   |  1- 3 |  4- 6 |  7- 9 | 10-12 || total
-------------------------+-------+-------+-------+-------++-------
Melee: Falchion          |    64 |   239 |   259 |       ||   562
       Long sword        |       |       |    34 |       ||    34
       Scimitar          |       |       |   104 |   120 ||   224
       Glaive            |       |       |       |     8 ||     8
Invok: Berserk           |       |     4 |     5 |     2 ||    11
  Use: Scroll            |     1 |     8 |     8 |     1 ||    18
 Stab: Sleeping          |       |     1 |       |       ||     1
Armor: Animal skin       |    16 |    12 |       |       ||    28
       Leather armour    |       |    38 |       |       ||    38
       Chain mail        |       |    68 |    70 |       ||   138
       Scale mail        |       |       |   118 |    95 ||   213
Dodge: Dodged            |    48 |   180 |   207 |   101 ||   536
       Rpst.: Falchion   |    26 |    46 |    40 |       ||   112
       Long sword        |       |       |     3 |       ||     3
       Scimitar          |       |       |    15 |    18 ||    33

Levels and vault maps discovered:
D:1:      saegor_arrival_simple_c, layout_basic
D:2:      layout_basic, minmay_misc_feat_x, chequers_serial_rivers_small_3,
          minmay_misc_feat_tower
D:3:      layout_basic, nicolae_gozag_zags_fifth_avenue,
          nemelex_spade_bored_becter, uniq_natasha
D:4:      layout_cave_pods
D:5:      layout_rooms
D:6:      layout_rooms, serial_shops, nicolae_shop_waterfront,
          minmay_misc_feat_ornament
D:7:      layout_basic, lemuel_doored_altar, temple_fountains,
          lemuel_mausoleum_altar_yredelemnul, uniq_prince_ribbit1

Notes
Turn   | Place    | Note
-------+----------+-------------------------------------------
     0 | D:1      | infcreate the Human Berserker began the quest for the Orb.
     0 | D:1      | Reached XP level 1. HP: 18/18 MP: 1/1
    27 | D:1      | Reached XP level 2. HP: 18/24 MP: 2/2
   741 | D:1      | Reached XP level 3. HP: 29/29 MP: 3/3
  1363 | D:2      | Reached XP level 4. HP: 31/35 MP: 4/4
  2143 | D:2      | Reached XP level 5. HP: 42/42 MP: 5/5
  2198 | D:2      | Reached ** piety under Trog
  2309 | D:2      | Reached skill level 3 in Armour
  2346 | D:1      | Reached skill level 3 in Dodging
  3129 | D:3      | Found an opulent altar of Gozag.
  3163 | D:3      | Found Gozag's Platinum Reserve.
  3253 | D:3      | Noticed Natasha
  3265 | D:3      | Killed Natasha
  3266 | D:3      | Reached skill level 4 in Fighting
  3266 | D:3      | Reached skill level 4 in Long Blades
  3358 | D:3      | Noticed Natasha
  3372 | D:3      | Killed Natasha
  3373 | D:3      | Reached XP level 6. HP: 48/48 MP: 6/6
  4139 | D:3      | Found a sparkling altar of Nemelex Xobeh.
  4234 | D:4      | Reached *** piety under Trog
  4235 | D:4      | Reached XP level 7. HP: 53/55 MP: 7/7
  4584 | D:4      | Reached skill level 4 in Armour
  4613 | D:4      | Reached skill level 4 in Dodging
  5232 | D:5      | Entered Level 5 of the Dungeon
  5266 | D:5      | Got a distressingly furry leather armour
  5267 | D:5      | Identified the cursed +0 leather armour "Cutefo" {rPois
                  | Will+} (You found it on level 5 of the Dungeon)
  5409 | D:5      | Paralysed by an orc priest for 2 turns
  5449 | D:5      | Reached skill level 5 in Fighting
  5610 | D:5      | Found the +7 Kryia's mail coat {PotionHeal*2 rC+}
  5629 | D:4      | Reached skill level 5 in Long Blades
  5629 | D:4      | Reached XP level 8. HP: 46/62 MP: 8/8
  6408 | D:6      | Noticed a white ugly thing
  6560 | D:5      | Reached skill level 5 in Armour
  6560 | D:5      | Reached skill level 5 in Dodging
  6987 | D:6      | Found Biri's Magic Scroll Shop.
  7275 | D:6      | Reached skill level 6 in Fighting
  7275 | D:6      | Reached XP level 9. HP: 53/67 MP: 9/9
  7386 | D:6      | Reached skill level 6 in Long Blades
  7567 | D:6      | Reached skill level 6 in Armour
  7570 | D:6      | Reached skill level 6 in Dodging
  7782 | D:6      | Reached **** piety under Trog
  7842 | D:6      | Killed a white ugly thing
  8072 | D:7      | Reached skill level 7 in Fighting
  8333 | D:7      | Got a faintly humming robe
  8362 | D:7      | Reached skill level 7 in Long Blades
  8364 | D:7      | Noticed Prince Ribbit
  8419 | D:7      | Killed Prince Ribbit
  8420 | D:7      | Reached XP level 10. HP: 69/79 MP: 10/10
  8469 | D:7      | Found a staircase to the Ecumenical Temple.
  8790 | D:7      | Reached skill level 7 in Armour
  8790 | D:7      | Reached skill level 7 in Dodging
  9117 | D:7      | Found a shimmering blue altar of Sif Muna.
  9134 | D:7      | Noticed a four-headed hydra
  9473 | D:7      | HP: 11/120 [12-headed hydra (2)]
  9473 | D:7      | HP: 2/120 [12-headed hydra (9)]
  9473 | D:7      | Slain by a 12-headed hydra

Vanquished Creatures
  An ugly thing (D:6)
  Prince Ribbit (D:7)
  A wraith (D:6)
  A water moccasin (D:6)
  An orc warrior (D:7)
  3 ice beasts
  4 ogres
  A necrophage (D:7)
  A centaur (D:7)
  A wyvern zombie (D:6)
  3 bullfrogs
  A scorpion (D:4)
  10 wights
  A howler monkey (D:7)
  A quasit (D:7)
  A centaur zombie (D:6)
  3 orc priests
  3 hounds
  A human zombie (D:7)
  A gnoll shaman (D:3)
  3 orc wizards
  2 centaur skeletons (D:4)
  A human skeleton (D:7)
  4 worker ants
  Natasha (twice) (D:3)
  2 killer bee zombies
  A hound skeleton (D:6)
  A howler monkey skeleton (D:6)
  A worker ant zombie (D:7)
  9 gnolls
  7 adders
  A shadow imp (D:5)
  A white imp (D:7)
  An ufetubus (D:7)
  5 oozes
  2 adder skeletons
  2 adder zombies (D:5)
  2 worms (D:2)
  2 dart slugs
  5 leopard geckos
  23 orcs
  3 ball pythons
  13 bats
  4 giant cockroaches
  3 goblins
  7 hobgoblins
  4 jackals (D:1)
  5 quokkas
  6 frilled lizards
  A jackal skeleton (D:5)
  6 kobolds
  2 leopard gecko skeletons
  2 orc zombies (D:7)
  3 rats
176 creatures vanquished.

Table legend: (Time is in decaauts)
 A = Elapsed time spent in this place.
 B = Non-inter-level travel time spent in this place.
 C = Inter-level travel time spent in this place.
 D = Time resting spent in this place.
 E = Time spent auto-exploring this place.
 F = Levels seen in this place.
 G = Mean time per level.
                   A        B        C        D        E       F      G
               +--------+--------+--------+--------+--------+-----+--------+
         Total |   9687 |   8937 |    750 |   3700 |      0 |   7 | 1383.9 |
       Dungeon |   9687 |   8937 |    750 |   3700 |      0 |   7 | 1383.9 |
               +--------+--------+--------+--------+--------+-----+--------+

Top non-repeatable levels by time:
     D:1: 1715 daAuts
     D:2: 1478 daAuts
     D:5: 1431 daAuts
     D:4: 1360 daAuts
     D:7: 1322 daAuts
     D:6: 1216 daAuts
     D:3: 1164 daAuts

Table legend:
 A = Non-vault XP
 B = Vault XP
 C = Vault XP percentage of total XP
 D = Non-vault monster count
 E = Vault monster count
 F = Vault count percentage of total count
                 A         B        C        D         E       F
            +---------+---------+-------+---------+---------+-------
      Total |    4320 |     731 |  14.5 |     168 |       8 |   4.5
            +---------+---------+-------+---------+---------+-------
        D:1 |      78 |       0 |   0.0 |      25 |       0 |   0.0
        D:2 |     162 |       0 |   0.0 |      21 |       0 |   0.0
        D:3 |     265 |      35 |  11.7 |      36 |       1 |   2.7
        D:4 |     498 |       0 |   0.0 |      15 |       0 |   0.0
        D:5 |     565 |       0 |   0.0 |      19 |       0 |   0.0
        D:6 |    1840 |     209 |  10.2 |      30 |       1 |   3.2
        D:7 |     912 |     487 |  34.8 |      22 |       6 |  21.4
            +---------+---------+-------+---------+---------+-------
